 Dungeon Crawl Stone Soup version 0.23-a0-636-g0ff6057 (console) character file.

54853 swinepaste the Tainter (level 14, -3/90 HPs)
             Began as an Octopode Venom Mage on Dec 28, 2018.
             Was a High Priest of Vehumet.
             Engulfed by a cloud of flame (9 damage)
             ... on level 11 of the Dungeon on Dec 29, 2018.
             The game lasted 01:28:09 (29353 turns).

swinepaste the Tainter (Octopode Venom Mage)       Turns: 29353, Time: 01:28:09

Health: -3/90      AC:  4    Str: 12    XL:     14   Next: 74%
Magic:  22/27      EV: 21    Int: 24    God:    Vehumet [*****.]
Gold:   1244       SH:  5    Dex: 18    Spells: 5/32 levels left

rFire    + . .     SeeInvis +   a - staff of poison
rCold    . . .     Gourm    .   O - +0 buckler
rNeg     . . .     Faith    .   t - +2 hat
rPois    +         Spirit   .   (no amulet)
rElec    .         Reflect  .   w - ring "Feabuate" {Dex+5 SInv}
rCorr    .         Harm     .   A - ring of protection from fire
MR       +....                  v - ring of wizardry
Stlth    ++++......             C - +5 ring of strength
HPRegen  0.25/turn              T - ring of wizardry
MPRegen  0.20/turn              V - ring of the Past {+Blink AC+1 Int+2}
                                (no ring)
                                (no ring)

@: no status effects
A: almost no armour, stealthy swim, amphibious, 8 rings, constrict 8, camouflage
1, gelatinous body 1
a: Renounce Religion, Evoke Blink


You were on level 11 of the Dungeon.
You worshipped Vehumet.
Vehumet was extremely pleased with you.
You were very hungry.

You visited 3 branches of the dungeon, and saw 18 of its levels.
You also visited: Gauntlet.

You collected 1244 gold pieces.

Inventory:

Hand Weapons
 n - a +0 dagger
 o - a +1 dagger of venom
 B - a +6 great sword
 D - a +2 falchion of flaming
 E - a +4 dagger of chaos
 F - a +3 quarterstaff of flaming
 J - a +0 quarterstaff
 N - a +3 short sword of speed
 P - a +4 falchion of venom
 Q - a +4 flail of holy wrath
 W - the +5 hand crossbow of Forced Transition {elec, rPois rC+ Str+3 Int-2}
   (You took it off a minotaur in a Gauntlet)

   It charges the ammunition it shoots with electricity; occasionally upon a
   hit, such missiles may discharge and cause terrible harm.
   It affects your strength (+3).
   It affects your intelligence (-2).
   It protects you from cold.
   It protects you from poison.
Armour
 t - a +2 hat (worn)
 O - a +0 buckler (worn)
Magical Staves
 a - an uncursed staff of poison (weapon)
 b - an uncursed staff of air
 H - an uncursed staff of energy
 X - a cursed staff of fire
Jewellery
 v - a ring of wizardry (on tentacle)
 w - the ring "Feabuate" (left tentacle) {Dex+5 SInv}
   (You found it on level 7 of the Dungeon)

   [ring of see invisible]

   It affects your dexterity (+5).
   It lets you see invisible.
 A - a ring of protection from fire (right tentacle)
 C - a +5 ring of strength (on tentacle)
 T - a ring of wizardry (on tentacle)
 V - the ring of the Past (on tentacle) {+Blink AC+1 Int+2}
   (You found it in a Gauntlet)

   [ring of protection]

   It affects your AC (+1).
   It affects your intelligence (+2).
   It lets you blink.
Wands
 d - a wand of digging (1)
 x - a wand of random effects (38)
 I - a wand of acid (13)
 M - a wand of enslavement (11)
 Y - a wand of flame (28)
 Z - a wand of iceblast (11)
Scrolls
 e - 2 scrolls of identify
 h - 3 scrolls of immolation
 k - 3 scrolls of enchant armour
 p - 13 scrolls of remove curse
 q - 7 scrolls of teleportation
 s - a scroll of magic mapping
 y - 4 scrolls of fog
 z - a scroll of amnesia
 U - a scroll of enchant weapon
Potions
 c - a potion of lignification
 f - a potion of resistance
 g - a potion of agility
 i - 3 potions of magic
 j - 4 potions of mutation
 m - a potion of flight
 r - 10 potions of curing
 u - 3 potions of ambrosia
 G - 2 potions of haste
 K - 2 potions of brilliance
 S - a potion of might
Miscellaneous
 L - a box of beasts
 R - a sack of spiders
Comestibles
 l - 23 rations


   Skills:
 - Level 6.0 Fighting
 - Level 8.5 Staves
 - Level 9.9 Dodging
 - Level 5.6 Stealth
 - Level 4.4 Shields
 + Level 9.9 Spellcasting
 - Level 9.2 Conjurations
 - Level 2.1 Translocations
 - Level 3.2 Fire Magic
 * Level 3.6 Air Magic
 + Level 14.7 Poison Magic
 - Level 7.4 Evocations


You had 5 spell levels left.
You knew the following spells:

 Your Spells              Type           Power        Failure   Level  Hunger
b - Blink                 Tloc           N/A          1%          2    None
d - Magic Dart            Conj           ####         1%          1    None
g - Ignite Poison         Fire/Tmut/Pois ######..     1%          3    None
q - Mephitic Cloud        Conj/Pois/Air  ######..     1%          3    None
s - Swiftness             Chrm/Air       ###.....     1%          2    None
t - Sting                 Conj/Pois      ####         1%          1    None
v - Venom Bolt            Conj/Pois      #######...   1%          5    ####...
w - Poisonous Vapours     Pois/Air       ######       1%          2    None
x - Airstrike             Air            ####......   1%          4    #......
R - Olgreb's Toxic Radia  Pois           #######.     1%          4    #......

Your spell library contained the following spells:

 Spells                   Type           Power        Failure   Level  Hunger
 Force Lance              Conj/Tloc      #####...     1%          4    #......
 Sandblast                Erth           ##....       1%          1    None
 Shock                    Conj/Air       ####         1%          1    None
 Conjure Flame            Conj/Fire      #####...     1%          3    None
 Static Discharge         Conj/Air       #####...     1%          3    None
 Stone Arrow              Conj/Erth      ####..       1%          3    None
 Lightning Bolt           Conj/Air       #####.....   1%          5    ####...
 Call Imp                 Summ           ##......     2%          2    None
 Passwall                 Tmut/Erth      ##......     2%          2    None
 Slow                     Hex            ##......     2%          2    None
 Iskenderun's Battlesphe  Conj/Chrm      ####....     2%          5    ####...
 Bolt of Magma            Conj/Fire/Erth ####......   3%          5    ####...
 Petrify                  Tmut/Erth      ##......     14%         4    #......
 Lee's Rapid Deconstruct  Erth           ##........   16%         5    ####...
 Poison Arrow             Conj/Pois      #######...   1%          6    ######.
 Orb of Destruction       Conj           ######....   12%         7    #######
 Iron Shot                Conj/Erth      ####......   13%         6    ######.
 Spellforged Servitor     Conj/Summ      ####......   50%         7    #######
 Chain Lightning          Conj/Air       #####.....   87%         8    #######
 Lehudib's Crystal Spear  Conj/Erth      ####......   98%         8    #######
 Fire Storm               Conj/Fire      #####.....   100%        9    #######
 Glaciate                 Conj/Ice       ####......   100%        9    #######


Dungeon Overview and Level Annotations

Branches:
Dungeon (11/15)            Temple (1/1) D:6            Lair (6/6) D:8
 Shoals (0/4) Lair:4       Spider (0/4) Lair:4        Slime (0/5) Lair:6
    Orc: D:9-12

Altars:
Ashenzari
Cheibriados
Dithmenos
Elyvilon
Fedhas
Gozag
Hepliaklqana
Kikubaaqudgha
Makhleb
Nemelex Xobeh
Okawaru
Qazlal
Ru
Sif Muna
Trog
Uskayaw
Vehumet
Wu Jian
Xom
Yredelemnul
Zin
The Shining One
Jiyva

Shops:
D:6 [

Annotations:
D:11 1 transporter
Lair:2 exclusions: ice statue and 3 oklob plants


Innate Abilities, Weirdness & Mutations

You cannot wear most types of armour.
You are very stealthy in the water. (Stealth+)
You are amphibious.
You can wear up to eight rings at the same time.
You can use your tentacles to constrict eight enemies at once.
Your skin changes colour to match your surroundings (Stealth+).
Your rubbery body absorbs attacks. (AC +1, EV +1)


Message History

The spiny frog stings you! You block the black mamba's attack.
The two-headed ogre zombie is engulfed in blazing flames.
The two-headed ogre zombie completely misses you.
The two-headed ogre zombie hits you with a +0 giant club of venom.
* * * LOW HITPOINT WARNING * * *
Unknown command.
Press: ? - help, v - describe, . - travel
Here: a two-headed ogre zombie, wielding a +2 dire flail of venom and a +0 An open gate.
Unknown command.
You release your grip on the black mamba.
The black mamba bites you!
* * * LOW HITPOINT WARNING * * *
The spiny frog is engulfed in blazing flames.
The tengu warrior zombie is engulfed in blazing flames.
You block the black mamba's attack.
Casting: Ignite Poison (safe; 1% risk of failure)
Confirm with . or Enter, or press ? or * to list all spells.
You blink.
You are engulfed in blazing flames.
You resist.
You die...

....................## ##........
............######### ##..##...
............#§§§..########.#####.
............#§§§§§#§§§§§§#.### ##
............#§§§§§#§§§§§§#...###.
........<...#([§§§Z.#.#§.#.......
...........©#©|§§§ZS§.©§§#©.....#
#...........#($§§§§F#.#§§#...#..#
##..#.......#§§§x§#§.§§§.###.##.#
##.###.....#§§§§§#§.§§.§# #.##..
##...########§§§§.##########.#...
#..#..####..######### #.........
..####......# #.####......#.. ###
##.....# #..##.....#.... #
##......# ##..#....#....#
##..#....# ##...........#
#..#.....## #####.....#....##


You could see a black mamba, a spiny frog, a two-headed ogre zombie and a tengu
warrior zombie.

Vanquished Creatures
  Gastronok (D:10)
  A minotaur (Gauntlet)
  Josephine (Lair:4)
  Erolcha (D:9)
  5 hydras
  A catoblepas (Lair:2)
  An ice dragon (Lair:2)
  A death scarab (Gauntlet)
  The ghost of Harvester the Carver, a novice MiFi of Okawaru (D:8)
  Sonja (Lair:1)
  4 lindwurms (Lair:5)
  2 moths of wrath
  An ugly thing (D:11)
  A wolf spider (Gauntlet)
  A cyclops (D:10)
  6 elephants (Lair:6)
  6 black mambas
  7 spiny frogs
  Psyche (D:8)
  A torpor snail (Lair:5)
  A minotaur zombie (Gauntlet)
  3 komodo dragons
  3 rime drakes (Lair:5)
  7 polar bears
  A troll (D:11)
  Grinder (D:6)
  5 hornets
  14 blink frogs
  3 hippogriffs
  10 dream sheep
  4 redbacks (Gauntlet)
  15 spriggans (Lair:6)
  3 basilisks
  48 yaks
  8 wraiths
  A spectral spiny frog (Gauntlet)
  6 small abominations (Gauntlet)
  14 water moccasins
  9 porcupines
  4 orc warriors
  4 black bears
  2 sky beasts
  A necrophage (D:10)
  3 phantoms
  An eye of draining (D:6)
  7 ice beasts
  4 ogres
  27 wolves
  3 boggarts (Lair:6)
  4 centaurs
  7 crocodiles
  5 big kobolds
  19 bullfrogs
  6 scorpions
  3 howler monkeys
  5 wights (D:10)
  An electric eel (Lair:2)
  8 crimson imps
  A quasit (D:11)
  Crazy Yiuf (D:2)
  A bullfrog zombie (D:7)
  5 hounds
  3 jellies
  10 orc priests
  2 bullfrog skeletons
  2 iguanas (D:9)
  8 orc wizards
  10 worker ants
  A hound zombie (D:6)
  A hound skeleton (D:9)
  A worker ant zombie (D:11)
  2 howler monkey zombies
  4 gnolls (D:5)
  15 adders
  2 shadow imps
  2 white imps (Lair:2)
  An ooze (D:3)
  An adder zombie (D:8)
  7 worms
  8 leopard geckos
  51 orcs
  2 ball pythons
  13 giant cockroaches
  9 goblins
  7 hobgoblins
  20 jackals
  3 quokkas
  9 bats
  7 frilled lizards
  19 kobolds
  2 leopard gecko skeletons
  A quokka skeleton (D:9)
  A quokka zombie (D:4)
  9 rats
  3 plants
558 creatures vanquished.

Vanquished Creatures (collateral kills)
  A water moccasin (Lair:2)
  An ice beast (Lair:2)
  A bullfrog (Lair:2)
3 creatures vanquished.

Vanquished Creatures (others)
  10 demonic plants (Gauntlet)
  21 fungi
  22 plants
53 creatures vanquished.

Grand Total: 614 creatures vanquished

Notes
Turn   | Place    | Note
-------+----------+-------------------------------------------
     0 | D:1      | swinepaste the Octopode Venom Mage began the quest for the
                  | Orb.
     0 | D:1      | Reached XP level 1. HP: 11/11 MP: 3/3
   471 | D:1      | Reached XP level 2. HP: 12/17 MP: 3/5
   480 | D:1      | Learned a level 2 spell: Poisonous Vapours
   680 | D:1      | Reached skill level 4 in Poison Magic
   877 | D:1      | Reached XP level 3. HP: 18/21 MP: 0/6
   882 | D:1      | Learned a level 3 spell: Mephitic Cloud
  1827 | D:2      | Found a runed door.
  1851 | D:2      | Noticed Crazy Yiuf
  1861 | D:2      | Killed Crazy Yiuf
  1861 | D:2      | Reached XP level 4. HP: 27/27 MP: 2/8
  2143 | D:2      | Reached skill level 5 in Poison Magic
  2272 | D:2      | Reached skill level 1 in Air Magic
  2393 | D:3      | Found a basalt altar of Yredelemnul.
  2394 | D:3      | Found a shadowy altar of Dithmenos.
  2396 | D:3      | Found a glowing golden altar of the Shining One.
  2622 | D:3      | Reached XP level 5. HP: 8/31 MP: 2/9
  2853 | D:2      | Learned a level 4 spell: Olgreb's Toxic Radiance
  3084 | D:3      | Found a stormy altar of Qazlal.
  3531 | D:3      | Reached XP level 6. HP: 29/36 MP: 4/10
  4086 | D:3      | Found an ornate altar of the Wu Jian Council.
  4316 | D:4      | Reached skill level 6 in Poison Magic
  4612 | D:4      | Found an opulent altar of Gozag.
  4698 | D:4      | Reached XP level 7. HP: 41/41 MP: 4/12
  4904 | D:5      | Entered Level 5 of the Dungeon
  5386 | D:4      | Reached skill level 7 in Poison Magic
  5885 | D:5      | Noticed a moth of wrath
  5888 | D:5      | Found a bloodstained altar of Trog.
  5905 | D:5      | Killed a moth of wrath
  5905 | D:5      | Reached skill level 8 in Poison Magic
  5905 | D:5      | Reached XP level 8. HP: 46/46 MP: 4/14
  5912 | D:5      | Learned a level 5 spell: Venom Bolt
  6882 | D:6      | Found a staircase to the Ecumenical Temple.
  6891 | Temple   | Entered the Ecumenical Temple
  7094 | Temple   | Became a worshipper of Vehumet
  7421 | D:6      | Reached skill level 5 in Dodging
  7589 | D:6      | Found a hazy altar of Hepliaklqana.
  7590 | D:6      | Found a shimmering altar of Xom.
  7590 | D:6      | Noticed a tentacled monstrosity
  7591 | D:6      | Noticed a tentacled monstrosity
  7591 | D:6      | Noticed a spectral ugly thing
  7644 | D:6      | Noticed Grinder
  7714 | D:6      | Found a sacrificial altar of Ru.
  7854 | D:7      | Got a faintly glowing pewter ring
  7855 | D:7      | Identified the ring "Feabuate" {Dex+5 SInv} (You found it
                  | on level 7 of the Dungeon)
  7867 | D:7      | Reached skill level 1 in Fighting
  7902 | D:7      | Reached XP level 9. HP: 42/55 MP: 15/15
  8152 | D:7      | Reached * piety under Vehumet
  8152 | D:7      | Offered knowledge of Magic Dart by Vehumet.
  8155 | D:7      | Learned a level 1 spell: Magic Dart
  8337 | D:7      | Found an ancient bone altar of Kikubaaqudgha.
  8401 | D:7      | Found a sparkling altar of Nemelex Xobeh.
  8786 | D:8      | Found a staircase to the Lair.
  8818 | D:8      | Reached skill level 9 in Poison Magic
  8840 | D:8      | Noticed Psyche
  9197 | D:8      | Reached skill level 5 in Spellcasting
  9289 | D:8      | Reached skill level 5 in Conjurations
  9378 | D:8      | Offered knowledge of Throw Flame by Vehumet.
  9393 | D:8      | Reached ** piety under Vehumet
  9471 | D:8      | Reached skill level 10 in Poison Magic
  9471 | D:8      | Reached XP level 10. HP: 63/63 MP: 14/18
  9641 | D:8      | Killed Psyche
  9767 | D:8      | Learned a level 2 spell: Blink
 10209 | D:8      | Noticed a three-headed hydra
 11017 | D:9      | Reached skill level 11 in Poison Magic
 11150 | D:9      | Offered knowledge of Ignite Poison by Vehumet.
 11151 | D:9      | Reached skill level 12 in Poison Magic
 11156 | D:9      | Learned a level 3 spell: Ignite Poison
 11677 | D:9      | Reached XP level 11. HP: 57/67 MP: 6/20
 11681 | D:9      | Reached *** piety under Vehumet
 11761 | D:9      | Noticed Erolcha
 11767 | D:9      | Killed Erolcha
 11903 | D:9      | Found a runed gate.
 11903 | D:9      | Found a runed gate.
 11903 | D:9      | Found a runed gate.
 11919 | D:9      | Noticed Harvester's ghost (novice MiFi)
 12498 | D:9      | Reached skill level 13 in Poison Magic
 12944 | D:10     | Entered Level 10 of the Dungeon
 13237 | D:10     | Offered knowledge of Airstrike by Vehumet.
 13238 | D:10     | Reached skill level 1 in Fire Magic
 13268 | D:10     | Noticed Gastronok
 13269 | D:10     | Noticed a cyclops
 13286 | D:10     | Killed Gastronok
 13299 | D:10     | Killed a cyclops
 13307 | D:10     | Learned a level 4 spell: Airstrike
 14174 | D:8      | Killed Harvester's ghost
 14303 | D:8      | Killed a three-headed hydra
 14303 | D:8      | Reached skill level 5 in Stealth
 14486 | D:6      | Found Munecs's Antique Armour Shoppe.
 14544 | D:6      | Killed Grinder
 14544 | D:6      | Reached XP level 12. HP: 72/72 MP: 0/24
 14632 | Lair:1   | Entered Level 1 of the Lair of Beasts
 14787 | Lair:1   | Noticed Sonja
 14800 | Lair:1   | Killed Sonja
 15273 | Lair:2   | Reached **** piety under Vehumet
 15349 | Lair:2   | Noticed a catoblepas
 15368 | Lair:2   | Killed a catoblepas
 15583 | Lair:2   | Noticed an ice dragon
 15893 | Lair:2   | HP: 3/76 [water moccasin (3)]
 15900 | Lair:2   | Reached skill level 5 in Fighting
 15923 | Lair:2   | Learned a level 2 spell: Swiftness
 15994 | Lair:2   | Offered knowledge of Fulminant Prism by Vehumet.
 17040 | Lair:2   | Noticed an eight-headed hydra
 17075 | Lair:2   | Killed an eight-headed hydra
 17400 | Lair:2   | Killed an ice dragon
 18467 | Lair:3   | Reached skill level 1 in Staves
 19278 | Lair:4   | Found a staircase to the Shoals.
 19284 | Lair:4   | Found a hole to the Spider Nest.
 19415 | Lair:4   | Reached XP level 13. HP: 83/83 MP: 16/25
 19468 | Lair:4   | Reached skill level 5 in Staves
 19886 | Lair:4   | Noticed Josephine
 19894 | Lair:4   | Killed Josephine
 20510 | Lair:5   | Reached ***** piety under Vehumet
 21071 | Lair:5   | Offered knowledge of Iron Shot by Vehumet.
 22432 | Lair:5   | Reached skill level 14 in Poison Magic
 22727 | Lair:5   | Identified a scroll of acquirement
 22783 | Lair:6   | Entered Level 6 of the Lair of Beasts
 23218 | Lair:6   | Reached skill level 5 in Evocations
 23329 | Lair:6   | Found a gate leading to a gauntlet.
 23340 | Gauntlet | Entered a Gauntlet
 23340 | Gauntlet | Found a transporter.
 23509 | Gauntlet | Found a transporter.
 23524 | Gauntlet | Found a transporter.
 23530 | Gauntlet | Found a transporter.
 23545 | Gauntlet | Found a transporter.
 23564 | Gauntlet | Found a transporter.
 23576 | Gauntlet | Found a transporter.
 23618 | Gauntlet | Found a transporter.
 23630 | Gauntlet | Found a transporter.
 23642 | Gauntlet | Found a transporter.
 23664 | Gauntlet | Found a transporter.
 23682 | Gauntlet | Found a transporter.
 23684 | Gauntlet | Found a transporter.
 23712 | Gauntlet | Found a transporter.
 23714 | Gauntlet | Found a transporter.
 23734 | Gauntlet | Found a transporter.
 23831 | Gauntlet | Found a transporter.
 23853 | Gauntlet | Found a transporter.
 24532 | Gauntlet | Reached XP level 14. HP: 65/90 MP: 24/27
 24544 | Gauntlet | Got a steaming bronze ring
 24545 | Gauntlet | Identified the ring of the Past {+Blink AC+1 Int+2} (You
                  | found it in a Gauntlet)
 24664 | Gauntlet | Identified the +5 hand crossbow of Forced Transition {elec,
                  | rPois rC+ Str+3 Int-2}
 25694 | Lair:6   | HP: 1/90 [spiny frog (14)]
 27451 | Lair:6   | Reached skill level 1 in Shields
 27790 | Lair:6   | Found a viscous altar of Jiyva.
 27790 | Lair:6   | Found a staircase to the Slime Pits.
 27929 | Lair:6   | Offered knowledge of Force Lance by Vehumet.
 28650 | D:11     | Reached skill level 1 in Translocations
 28698 | D:11     | Found a transporter.
 29232 | D:11     | Found a transporter.
 29353 | D:11     | Engulfed by a cloud of flame

Vault maps used:
D:1:      shiori_shiawase, minmay_misc_feat_secret_circle
D:2:      uniq_crazy_yiuf_cottage
D:3:      wander_river, lemuel_coloured_pillars_altar,
          grunt_temple_overflow_open, corexii_item_surrounded_by_moat,
          grunt_qazlal_clouds
D:4:      first_ration, nicolae_gozag_cash_rules_everything_around_me
D:5:      tgw_trog
D:6:      regret_index_temple_of_mockery, nicolae_overflow_crystal_walls,
          minmay_temple_entry_glass, serial_shops, kennysheep_mini_moat,
          uniq_grinder
D:7:      lemuel_crystal_altar, kennysheep_mini
D:8:      dpeg_oklobed_lair, hangedman_ranch, uniq_psyche
D:9:      gammafunk_ghost_spectres, uniq_erolcha
D:10:     uniq_gastronok
D:11:     gammafunk_cloud_chamber
Temple:   nicolae_temple_figure_eight
Lair:1:   uniq_sonja
Lair:2:   ice2_lemuel, minmay_lair_oklob_chamber
Lair:3:   small_statue_intersection, grunt_megastairs_4
Lair:4:   shoals_dummy_entry, nicolae_spider_entry_non_spiders, uniq_josephine
Lair:5:   minmay_lindwurm_lava, lemuel_fruit_tree, grunt_megastairs_3
Lair:6:   minmay_lair_end_enchanted_forest, dpeg_slime_entry_enclosed_altar,
          gauntlet_entry_generic, grunt_megastairs_5
Gauntlet: gammafunk_gauntlet_one_two_three

Skill      XL: |  1  2  3  4  5  6  7  8  9 10 11 12 13 14 |
---------------+-------------------------------------------+-----
Poison Magic   | 4 5 6 8 10 12 13 14 | 14.7
Conjurations   | 2 3 4 5 7 8 9 |  9.2
Air Magic      | 1 2 3 |  3.6
Spellcasting   | 3 4 5 6 8 9 |  9.9
Dodging        | 6 9 |  9.9
Fighting       | 2 3 6 |  6.0
Fire Magic     | 3 |  3.2
Stealth        | 5 |  5.6
Evocations     | 3 6 7 |  7.4
Staves         | 4 7 8 |  8.5
Shields        | 4 |  4.4
Translocations | 2 |  2.1

Action                   |  1- 3 |  4- 6 |  7- 9 | 10-12 | 13-15 || total
-------------------------+-------+-------+-------+-------+-------++-------
Melee: Unarmed           |     6 |       |       |       |       ||     6
       Dagger            |    66 |    13 |       |       |       ||    79
       Constrict         |    23 |    17 |    32 |    41 |    52 ||   165
       Tentacles         |    12 |    10 |    34 |    61 |    87 ||   204
       Quarterstaff      |       |     7 |    15 |       |    26 ||    48
       Short sword       |       |    46 |   168 |   249 |    75 ||   538
       Staff             |       |       |       |       |   166 ||   166
 Cast: Sting             |    37 |    26 |    63 |    20 |     1 ||   147
       Poisonous Vapours |     9 |    16 |    28 |    25 |     7 ||    85
       Olgreb's Toxic Ra |       |     7 |    27 |    42 |    57 ||   133
       Mephitic Cloud    |       |       |     3 |    30 |    20 ||    53
       Magic Dart        |       |       |     1 |    14 |       ||    15
       Venom Bolt        |       |       |       |    59 |    68 ||   127
       Blink             |       |       |       |    13 |    19 ||    32
       Ignite Poison     |       |       |       |    35 |    41 ||    76
       Airstrike         |       |       |       |    18 |    26 ||    44
       Swiftness         |       |       |       |       |     1 ||     1
Evoke: Wand              |       |       |     1 |    32 |     6 ||    39
  Use: Scroll            |       |     1 |     9 |    17 |     7 ||    34
       Potion            |       |       |       |     5 |     2 ||     7
 Stab: Sleeping          |     1 |     5 |     4 |       |     2 ||    12
       Confused          |       |       |     1 |     3 |     4 ||     8
       Distracted        |       |       |       |     1 |     2 ||     3
  Eat: Chunk             |     4 |    10 |    17 |    23 |    25 ||    79
       Ration            |       |       |     1 |     8 |     6 ||    15
Armor: Skin              |     8 |     5 |    17 |    16 |    22 ||    68
Dodge: Dodged            |    64 |    40 |   123 |   174 |   280 ||   681
Block: Buckler           |       |       |       |       |     6 ||     6

Table legend:
 A = Non-vault XP
 B = Vault XP
 C = Vault XP percentage of total XP
 D = Non-vault monster count
 E = Vault monster count
 F = Vault count percentage of total count
                 A         B        C        D         E       F
            +---------+---------+-------+---------+---------+-------
      Total |   44976 |   33386 |  42.6 |     430 |     128 |  22.9
            +---------+---------+-------+---------+---------+-------
        D:1 |      43 |       0 |   0.0 |      27 |       0 |   0.0
        D:2 |      74 |      44 |  37.3 |      29 |       1 |   3.3
        D:3 |     193 |       0 |   0.0 |      38 |       0 |   0.0
        D:4 |     310 |       0 |   0.0 |      22 |       0 |   0.0
        D:5 |     222 |     576 |  72.2 |      19 |       6 |  24.0
        D:6 |     822 |     290 |  26.1 |      30 |       1 |   3.2
        D:7 |    1234 |     198 |  13.8 |      27 |       1 |   3.6
        D:8 |    1692 |    3443 |  67.0 |      29 |      10 |  25.6
        D:9 |    3880 |    1917 |  33.1 |      42 |       5 |  10.6
       D:10 |    1489 |    2145 |  59.0 |      21 |       1 |   4.5
       D:11 |    3341 |     159 |   4.5 |      23 |       1 |   4.2
     Lair:1 |    1202 |     959 |  44.4 |       5 |       2 |  28.6
     Lair:2 |    4771 |    2132 |  30.9 |      19 |      11 |  36.7
     Lair:3 |    1843 |     845 |  31.4 |      10 |       4 |  28.6
     Lair:4 |    4689 |    1771 |  27.4 |      24 |      11 |  31.4
     Lair:5 |    6789 |    2686 |  28.3 |      25 |       5 |  16.7
     Lair:6 |   12382 |   10788 |  46.6 |      40 |      53 |  57.0
   Gauntlet |       0 |    5433 | 100.0 |       0 |      16 | 100.0
            +---------+---------+-------+---------+---------+-------
